 Dungeon Crawl Stone Soup version 0.27-a0-931-g5a74e75d8f (webtiles) character file.

Game seed: 8382394048075661388

193 Alarkh the Insei (level 5, -6/41 HPs)
             Began as a Demonspawn Gladiator on Apr 10, 2021.
             Was an Initiate of Uskayaw.
             Killed by nerve-wracking pain
             ... invoked by an orc priest
              (7 damage)
             ... on level 4 of the Dungeon.
             The game lasted 00:04:08 (4918 turns).

Alarkh the Insei (Demonspawn Gladiator)             Turns: 4918, Time: 00:04:09

Health: -6/41      AC:  4    Str: 14    XL:     5   Next: 44%
Magic:  5/5        EV: 12    Int: 10    God:    Uskayaw [......]
Gold:   122        SH:  0    Dex: 15    Spells: 4/4 levels left

rFire    . . .     SeeInvis .     - Unarmed
rCold    . . .     Faith    .   (no shield)
rNeg     . . .     Spirit   .   a - +0 leather armour
rPois    .         Reflect  .   b - +0 helmet
rElec    .         Harm     .   (no cloak)
rCorr    .         Rampage  .   (no gloves)
Will     .....                  (no boots)
Stlth    +.........             (no amulet)
HPRegen  0.13/turn              (no ring)
MPRegen  0.09/turn              (no ring)

@: no status effects
A: hooves 1, powered by death 1
a: Renounce Religion


You were on level 4 of the Dungeon.
You worshipped Uskayaw.
Uskayaw was noncommittal.
You visited 2 branches of the dungeon, and saw 5 of its levels.

You collected 122 gold pieces.

Inventory:

Missiles
 c - 2 throwing nets (quivered)
 l - 7 curare-tipped darts
Armour
 a - a +0 leather armour (worn)
 b - a +0 helmet (worn)
Wands
 m - a wand of polymorph (10)
Scrolls
 e - a scroll of enchant weapon {unknown}
 f - a scroll of teleportation
 g - a scroll of magic mapping {unknown}
 r - a scroll of identify
Potions
 d - a potion of heal wounds
 i - a potion of ambrosia
 j - a potion of curing
 k - a potion of lignification {unknown}
 n - 2 potions of cancellation {unknown}


   Skills:
 + Level 3.5 Fighting
 - Level 1.7 Throwing
 - Level 2.6 Dodging
 * Level 4.9 Unarmed Combat


You had 4 spell levels left.
You didn't know any spells.
Your spell library contained the following spells:

 Spells                   Type           Power      Damage    Failure   Level
 Animate Skeleton         Necr           0%         N/A       43%         1
 Apportation              Tloc           0%         N/A       43%         1
 Beastly Appendage        Tmut           0%         N/A       43%         1
 Corona                   Hex            0%         N/A       43%         1
 Magic Dart               Conj           0%         1d3       43%         1
 Summon Small Mammal      Summ           0%         N/A       43%         1
 Blink                    Tloc           N/A        N/A       58%         2
 Call Imp                 Summ           0%         N/A       58%         2
 Slow                     Hex            0%         N/A       58%         2
 Wereblood                Tmut           0%         N/A       58%         2
 Conjure Flame            Conj/Fire      0%         6-21      82%         3
 Mephitic Cloud           Conj/Pois/Air  0%         N/A       82%         3
 Spider Form              Tmut/Pois      0%         N/A       82%         3
 Ice Form                 Ice/Tmut       0%         N/A       99%         4
 Hydra Form               Tmut           0%         N/A       100%        5


Dungeon Overview and Level Annotations

Branches:
Dungeon (4/15)             Temple (1/1) D:4

Altars:
Ashenzari
Dithmenos
Elyvilon
Fedhas
Gozag
Hepliaklqana
Makhleb
Nemelex Xobeh
Okawaru
Trog
Uskayaw
Xom
Zin
The Shining One

Shops:
D:1 :   D:3 *


Innate Abilities, Weirdness & Mutations

You have large cloven feet.
You regenerate a little health from kills.


Message History

There is a glowing golden altar of the Shining One here.
Done exploring.
Done exploring.
Done exploring.
Search for what [? for help]? usj Can't find anything matching that.
There is a hide-covered altar of Uskayaw here.
You kneel at the altar of Uskayaw.
Uskayaw welcomes you!
(D) Dungeon (T) Temple
Where to? (Enter - D:4, ? - help)
There is a broken altar of Ashenzari here.
There is a staircase back to the Dungeon, spattered with blood here.
You climb upwards.
Welcome back to the Dungeon!
The orc priest invokes the aid of Beogh against you.
Beogh smites you!
There is a staircase to the Ecumenical Temple here.
Found a falchion.
The orc priest barely misses you.
There is an open door here.
You hit the orc priest. Your kick misses the orc priest.
The orc priest is lightly wounded.
The orc priest misses you.
You hit the orc priest. Your kick misses the orc priest.
The orc priest is moderately wounded.
The orc priest calls down the wrath of Beogh upon you.
Beogh smites you!
You hit the orc priest. Your kick misses the orc priest.
The orc priest is moderately wounded.
The orc priest closely misses you.
You hit the orc priest. Your kick misses the orc priest.
The orc priest is moderately wounded.
The orc priest hits you with a +0 mace.
You are too injured to fight recklessly!
The orc priest mumbles some strange prayers to Beogh against you.
Beogh smites you!
* * * LOW HITPOINT WARNING * * *
The orc priest invokes the aid of Beogh against you.
Pain shoots through your body!
You die...

### #.. ). #.# .#
#.# .# ..# .#
##########.# ###.###
o.oo....##.# ###+###
#######.##.####⌠.⌠##
# #.#...ooo.@.+....
#..######⌠.⌠##
###.## ###+### #
##># ###.### # #.#
.# . #.# .# # #.# .#
# #.# .. # #.# ..


You could see 2 orc priests and an orc.

Vanquished Creatures
  A howler monkey (Temple)
  Robin (D:3)
  3 adders
  5 worms
  5 dart slugs
  2 orcs (D:3)
  7 bats
  5 endoplasms
  2 giant cockroaches
  22 goblins
  6 hobgoblins
  5 jackals
  3 kobolds
  2 quokkas (D:2)
  10 ball pythons
  A frilled lizard (D:1)
  3 rats
83 creatures vanquished.

Vanquished Creatures (others)
  3 plants (D:3)
3 creatures vanquished.

Grand Total: 86 creatures vanquished

Notes
Turn   | Place    | Note
-------+----------+-------------------------------------------
     0 | D:1      | Alarkh the Demonspawn Gladiator began the quest for the
                  | Orb.
     0 | D:1      | Reached XP level 1. HP: 16/16 MP: 1/1
   153 | D:1      | Reached skill level 3 in Unarmed Combat
   386 | D:1      | Gained mutation: You regenerate a little health from kills.
                  | [demonic ancestry]
   386 | D:1      | Reached XP level 2. HP: 18/22 MP: 2/2
   672 | D:1      | Found Yvirph's Book Shoppe.
  1021 | D:1      | You fall into a shaft and drop 1 floor!
  1043 | D:2      | Reached XP level 3. HP: 10/28 MP: 3/3
  2470 | D:2      | Reached skill level 4 in Unarmed Combat
  2688 | D:2      | Gained mutation: You have large cloven feet. [demonic
                  | ancestry]
  2688 | D:2      | Reached XP level 4. HP: 34/34 MP: 4/4
  3018 | D:3      | Found Gozag's Platinum Reserve.
  3018 | D:3      | Found an opulent altar of Gozag.
  3046 | D:3      | Found a faded altar of an unknown god.
  3567 | D:3      | Noticed Robin
  3638 | D:3      | Reached XP level 5. HP: 37/41 MP: 5/5
  3686 | D:3      | Killed Robin
  3844 | D:3      | Found a bloodstained altar of Trog.
  4605 | D:4      | Found a staircase to the Ecumenical Temple.
  4610 | Temple   | Entered the Ecumenical Temple
  4896 | Temple   | Became a worshipper of Uskayaw the Reveller
  4917 | D:4      | HP: 1/41 [orc priest/divine providence (16)]
  4918 | D:4      | Killed from afar by an orc priest

Illustrated notes

Levels and vault maps discovered:
D:1:      tarquinn_simple_flora_water_c, layout_basic, serial_shops,
          nicolae_shop_window_shopping, st_stairs_14, minmay_distorted
D:2:      layout_basic
D:3:      kennysheep_goblin_castle, layout_basic, lemuel_tele_altar,
          nicolae_gozag_zags_fifth_avenue, shapermc_ecumenical_altar_gd,
          chequers_big_river, minmay_liquid_box, minmay_surrounded
D:4:      minmay_clustersquares, layout_loops_ring,
          nicolae_sif_muna_little_library, nicolae_ru_path_of_blood,
          temple_doors_e
Temple:   nicolae_temple_hex_pool

Skill      XL: |  1  2  3  4 |
---------------+-------------+-----
Unarmed Combat | 3 4 |  4.9
Fighting       | 3 |  3.5
Throwing       | |  1.7
Dodging        | |  2.6

Action                   |  1- 3 |  4- 6 || total
-------------------------+-------+-------++-------
Melee: Unarmed           |   185 |   168 ||   353
       Punch             |     2 |     2 ||     4
       Kick              |       |    48 ||    48
Throw: Throwing net      |       |     1 ||     1
  Use: Potion            |     1 |     1 ||     2
       Scroll            |       |     2 ||     2
 Stab: Held in net/web   |       |     2 ||     2
Armor: Leather armour    |    45 |    44 ||    89
Dodge: Dodged            |   117 |   115 ||   232

Table legend: (Time is in decaauts)
 A = Elapsed time spent in this place.
 B = Non-inter-level travel time spent in this place.
 C = Inter-level travel time spent in this place.
 D = Time resting spent in this place.
 E = Time spent auto-exploring this place.
 F = Levels seen in this place.
 G = Mean time per level.
                   A        B        C        D        E       F      G
               +--------+--------+--------+--------+--------+-----+--------+
         Total |   4913 |   4747 |    166 |    766 |   3279 |   5 |  982.6 |
       Dungeon |   4614 |   4461 |    153 |    766 |   3010 |   4 | 1153.5 |
        Temple |    299 |    286 |     13 |      0 |    269 |   1 |  299.0 |
               +--------+--------+--------+--------+--------+-----+--------+

Top non-repeatable levels by time:
     D:1: 1921 daAuts
     D:3: 1684 daAuts
     D:2: 918 daAuts
  Temple: 299 daAuts
     D:4: 90 daAuts
